 Dungeon Crawl Stone Soup version 0.25-a0-178-gc9f82b1288 (webtiles) character file.

Game seed: 3414374201062537009, levelgen mode: deterministic

1512 vurker the Gusty (level 8, -4/53 HPs)
             Began as an Octopode Air Elementalist on Nov 26, 2019.
             Was a Follower of Vehumet.
             Slain by a green ugly thing (15 damage)
             ... on level 4 of the Dungeon.
             The game lasted 00:11:28 (8055 turns).

vurker the Gusty (Octopode Air Elementalist)        Turns: 8055, Time: 00:11:29

Health: -4/53      AC:  1    Str:  7    XL:     8   Next: 83%
Magic:  16/16      EV: 13    Int: 19    God:    Vehumet [*.....]
Gold:   247        SH:  0    Dex: 13    Spells: 6/18 levels left

rFire    . . .     SeeInvis .   q - +2 short sword (venom)
rCold    . . .     Gourm    .   (no shield)
rNeg     . . .     Faith    .   (helmet restricted)
rPois    +         Spirit   .   (no amulet)
rElec    .         Reflect  .   h - ring of poison resistance
rCorr    .         Harm     .   (no ring)
MR       .....                  (no ring)
Stlth    +++.......             (no ring)
HPRegen  0.17/turn              (no ring)
MPRegen  0.15/turn              (no ring)
                                (no ring)
                                (no ring)

@: lethally poisoned (-4 -> -8)
A: almost no armour, stealthy swim, amphibious, 8 rings, constrict 8, camouflage
1, gelatinous body 1
a: Renounce Religion


You were on level 4 of the Dungeon.
You worshipped Vehumet.
Vehumet was aware of your devotion.
You were not hungry.

You visited 2 branches of the dungeon, and saw 6 of its levels.

You collected 247 gold pieces.

Inventory:

Hand Weapons
 n - a +0 short sword of speed
   (You took it off a kobold on level 3 of the Dungeon)
 q - a +2 short sword of venom (weapon)
   (You took it off an orc on level 3 of the Dungeon)
Jewellery
 h - a ring of poison resistance (left tentacle)
   (You found it on level 5 of the Dungeon)
Scrolls
 a - a scroll of enchant weapon {unknown}
 c - 7 scrolls of remove curse
 f - a scroll of fog {unknown}
 j - a scroll of enchant armour {unknown}
 k - a scroll of blinking {unknown}
 l - a scroll of noise {unknown}
Potions
 b - 2 potions of ambrosia
 d - a potion of degeneration {unknown}
 g - 2 potions of haste
 i - 2 potions of mutation {unknown}
 m - a potion of brilliance {unknown}
 o - a potion of agility {unknown}
 p - 2 potions of flight {unknown}
 s - a potion of heal wounds {unknown}
Comestibles
 e - 8 rations
 r - 2 chunks of flesh


   Skills:
 + Level 3.6 Fighting
 - Level 2.0 Dodging
 - Level 2.6 Stealth
 * Level 5.5 Spellcasting
 * Level 5.8 Conjurations
 * Level 6.3 Air Magic


You had 6 spell levels left.
You knew the following spells:

 Your Spells              Type           Power        Failure   Level  Hunger
a - Shock                 Conj/Air       ####         1%          1    None
b - Lightning Bolt        Conj/Air       ####......   26%         5    #####..
c - Airstrike             Air            ####......   9%          4    ####...
w - Blink                 Tloc           N/A          19%         2    None

Your spell library contained the following spells:

 Spells                   Type           Power        Failure   Level  Hunger
 Sting                    Conj/Pois      ###.         3%          1    None
 Magic Dart               Conj           ####         1%          1    None
 Static Discharge         Conj/Air       ####....     2%          3    ##.....
 Swiftness                Chrm/Air       ###.....     4%          2    None
 Mephitic Cloud           Conj/Pois/Air  ###.....     7%          3    ##.....
 Conjure Flame            Conj/Fire      ###.....     11%         3    ##.....
 Call Imp                 Summ           #.......     19%         2    None
 Slow                     Hex            #.......     19%         2    None


Dungeon Overview and Level Annotations

Branches:
Dungeon (5/15)             Temple (1/1) D:4

Altars:
Ashenzari
Cheibriados
Elyvilon
Fedhas
Gozag
Hepliaklqana
Qazlal
Ru
Sif Muna
Uskayaw
Vehumet
Xom
Yredelemnul
The Shining One


Innate Abilities, Weirdness & Mutations

You cannot wear most types of armour.
You are very stealthy in the water. (Stealth+)
You are amphibious.
You can wear up to eight rings at the same time.
You can use your tentacles to constrict eight enemies at once.
Your skin changes colour to match your surroundings (Stealth+).
Your rubbery body absorbs attacks. (AC +1, EV +1)


Message History

Unknown command.
You see here an orc skeleton.
Things that are here:
a +0 leather armour; a +0 hand axe; an orc skeleton
Things that are here:
a +0 dagger; an orc skeleton
Things that are here:
a +0 chain mail; a +0 short sword
Found a stone staircase leading down.
The green ugly thing is too close now for your liking.
Aim: a green ugly thing (hasn't noticed you)
The air twists around and strikes the green ugly thing.
The green ugly thing gurgles horribly!
Aim: a green ugly thing (lightly wounded)
The air twists around and strikes the green ugly thing.
Things that are here:
a +0 dagger; an orc skeleton
There is a stone staircase leading up here.
The green ugly thing claws you!
You are poisoned.
The green ugly thing poisons you!
You feel sick.
You feel sick.
You feel sick.
You feel sick.
You feel sick. The green ugly thing claws you!
You feel sick.
There is a stone staircase leading up here.
You aren't carrying any items that you can evoke.
Unknown command.
You aren't carrying any items that you can evoke.
Unknown command.
You feel sick.
The green ugly thing closely misses you.
You climb upwards.
You feel sick.
There is a stone staircase leading down here.
You feel sick.
You feel sick.
You feel sick.
Things that are here:
a +0 robe; a +0 dagger You feel sick.
You feel sick.
You completely miss the green ugly thing.
You grab the green ugly thing. You squeeze the green ugly thing.
You constrict the green ugly thing.
You feel sick. The green ugly thing claws you!
* * * LOW HITPOINT WARNING * * *
The green ugly thing claws you!
You die...

####........'..........).[.....##
............####.##.###.#####....
..........#.## #.##.....# #....
....#.#...#..# #.##.....#####....
....#.#...##.###.##.#.#....##....
....#.#...............#....##....
....#.#...##..##.##.#.#....##....
....#.#######.##.##...#..........
).....# #..#@######....##....
....### ##.#u# #....###... #####
#...######....# #... #######
##.[....##....# #... .....<######
#......##....# #### ##.........#
#......####### ##.#######.#
##.>.[..### #####
.........#.###.........# #....
###.####....##.........######....


You could see a green ugly thing.

Vanquished Creatures
  A sky beast (D:5)
  4 ogres
  A centaur (D:5)
  A howler monkey (D:4)
  2 hounds
  8 orc priests
  A centaur skeleton (D:4)
  7 orc wizards (D:4)
  9 worker ants
  A hound skeleton (D:3)
  3 gnolls
  8 adders
  A worm (D:2)
  3 dart slugs
  3 leopard geckos
  26 orcs
  A ball python (D:3)
  5 bats
  4 giant cockroaches
  13 goblins
  7 hobgoblins
  4 jackals (D:4)
  3 quokkas
  2 frilled lizards
  A jackal skeleton (D:5)
  7 kobolds
  10 rats
136 creatures vanquished.

Notes
Turn   | Place    | Note
-------+----------+-------------------------------------------
     0 | D:1      | vurker the Octopode Air Elementalist began the quest for
                  | the Orb.
     0 | D:1      | Reached XP level 1. HP: 11/11 MP: 3/3
    96 | D:1      | Reached XP level 2. HP: 9/18 MP: 0/5
   776 | D:1      | Reached XP level 3. HP: 22/22 MP: 4/6
  1892 | D:2      | Reached XP level 4. HP: 21/27 MP: 0/7
  2034 | D:2      | Noticed an ogre
  2049 | D:2      | Learned a level 4 spell: Airstrike
  2081 | D:2      | Killed an ogre
  2081 | D:2      | Reached skill level 1 in Fighting
  2081 | D:2      | Reached XP level 5. HP: 33/33 MP: 0/9
  2444 | D:2      | Reached skill level 4 in Air Magic
  2689 | D:2      | Noticed an ogre
  2700 | D:2      | Killed an ogre
  2700 | D:2      | Reached XP level 6. HP: 39/39 MP: 2/11
  3377 | D:3      | Found a faded altar of an unknown god.
  4310 | D:3      | Learned a level 5 spell: Lightning Bolt
  4313 | D:3      | Learned a level 2 spell: Blink
  4424 | D:3      | Reached XP level 7. HP: 45/45 MP: 3/13
  4530 | D:3      | Found a sacrificial altar of Ru.
  4900 | D:4      | HP: 2/45 [poisoned by a worker ant]
  4908 | D:4      | HP: 2/45 [poisoned by a worker ant]
  5255 | D:4      | Reached skill level 5 in Air Magic
  5733 | D:4      | Reached XP level 8. HP: 35/51 MP: 3/15
  5958 | D:4      | Reached skill level 5 in Conjurations
  6092 | D:4      | Found a basalt altar of Yredelemnul.
  6121 | D:4      | Found a staircase to the Ecumenical Temple.
  6136 | Temple   | Entered the Ecumenical Temple
  6180 | Temple   | Became a worshipper of Vehumet
  6620 | D:5      | Entered Level 5 of the Dungeon
  6649 | D:5      | Reached skill level 5 in Spellcasting
  7240 | D:5      | Reached skill level 6 in Air Magic
  7478 | D:5      | Reached * piety under Vehumet
  7478 | D:5      | Offered knowledge of Sting by Vehumet.
  7717 | D:5      | Noticed a green ugly thing
  8055 | D:4      | Slain by a green ugly thing

Levels and vault maps discovered:
D:1:      dpeg_arrival_refuge, layout_loops_corners
D:2:      layout_basic
D:3:      layout_loops_ring, nicolae_ru_path_of_blood,
          chequers_ecumenical_altar_island
D:4:      layout_basic, kennysheep_mini_moat,
          minmay_temple_entry_drinking_statues, first_ration
D:5:      layout_rooms, kennysheep_generic_room_15
Temple:   cyrus_circular_temple

Skill      XL: |  1  2  3  4  5  6  7  8 |
---------------+-------------------------+-----
Conjurations   | 2 3 4 5 |  5.8
Fighting       | 1 2 3 |  3.6
Spellcasting   | 3 4 5 |  5.5
Air Magic      | 4 5 6 |  6.3
Dodging        | |  2.0
Stealth        | |  2.6

Action                   |  1- 3 |  4- 6 |  7- 9 || total
-------------------------+-------+-------+-------++-------
Melee: Unarmed           |    22 |       |       ||    22
       Constrict         |     7 |       |     8 ||    15
       Tentacles         |     2 |     1 |     3 ||     6
       Dagger            |     1 |     4 |       ||     5
       Short sword       |       |       |    22 ||    22
 Cast: Shock             |    74 |   104 |   161 ||   339
       Airstrike         |       |       |    13 ||    13
  Use: Scroll            |       |     1 |     2 ||     3
 Stab: Sleeping          |       |       |     1 ||     1
  Eat: Chunk             |     4 |     7 |    13 ||    24
Armor: Skin              |     1 |       |     1 ||     2
Dodge: Dodged            |    24 |    17 |    50 ||    91

Table legend:
 A = Non-vault XP
 B = Vault XP
 C = Vault XP percentage of total XP
 D = Non-vault monster count
 E = Vault monster count
 F = Vault count percentage of total count
                 A         B        C        D         E       F
            +---------+---------+-------+---------+---------+-------
      Total |    2161 |       0 |   0.0 |     136 |       0 |   0.0
            +---------+---------+-------+---------+---------+-------
        D:1 |      54 |       0 |   0.0 |      32 |       0 |   0.0
        D:2 |     335 |       0 |   0.0 |      19 |       0 |   0.0
        D:3 |     265 |       0 |   0.0 |      20 |       0 |   0.0
        D:4 |     846 |       0 |   0.0 |      41 |       0 |   0.0
        D:5 |     661 |       0 |   0.0 |      24 |       0 |   0.0
            +---------+---------+-------+---------+---------+-------
